 Dungeon Crawl Stone Soup version 0.16-a0-100-g0188e4c (webtiles) character file.

168 Ratboiler the Chopper (level 5, 0/45 HPs)
             Began as a Hill Orc Gladiator on Aug 9, 2014.
             Slain by an ogre
             ... wielding a +0 giant club
              (22 damage)
             ... on Level 4 of the Dungeon.
             The game lasted 00:09:46 (2554 turns).

Ratboiler the Chopper (Hill Orc Gladiator)          Turns: 2554, Time: 00:09:46

HP   0/45        AC  6     Str 18      XL: 5   Next: 49%
MP   5/5         EV 10     Int  8      God:
Gold 135         SH  0     Dex 12      Spells:  0 memorised,  4 levels left

rFire  . . .     SeeInvis .     a - +0 war axe
rCold  . . .     Clarity  .     e - +0 ring mail
rNeg   . . .     rCorr    .     (no shield)
rPois  .         rRot     .     c - +0 helmet
rElec  .         Spirit   .     (no cloak)
SustAb .         Warding  .     (no gloves)
rMut   .         Stasis   .     (no boots)
Gourm  .                        (no amulet)
MR     .....                    (no ring)
                                (no ring)

@: not resistant to hostile enchantments, very unstealthy
A: no striking features
a: no special abilities


You were on level 4 of the Dungeon.
You were hungry.

You visited 1 branch of the dungeon, and saw 4 of its levels.

You collected 135 gold pieces.

Inventory:

Hand weapons
 a - a +0 war axe (weapon)
 o - a +0 hunting sling
Missiles
 d - 3 throwing nets (quivered)
 h - 3 tomahawks of dispersal
 r - 21 sling bullets
 x - 8 needles of sleeping
 y - 3 tomahawks
 B - 19 poisoned needles
 E - 6 curare-tipped needles
Armour
 b - a +0 leather armour
 c - a +0 helmet (worn)
 e - a +0 ring mail (worn)
 k - a +1 shield of protection
Comestibles
 f - a meat ration
 s - 3 bread rations
 C - a beef jerky
 D - a rotting chunk of quokka flesh
 F - 4 fruits
Scrolls
 i - a scroll of identify {unknown}
 j - a scroll of fear {unknown}
 u - 2 scrolls of fog
 v - a scroll of remove curse
 w - a scroll of noise {unknown}
 z - a scroll of enchant weapon {unknown}
Potions
 g - a potion of brilliance {unknown}
 l - a potion of curing {unknown}
 n - a potion of agility {unknown}
 p - 2 potions of heal wounds
 q - a potion of haste {unknown}
 t - a potion of cancellation {unknown}
 A - a potion of poison {unknown}
 G - a potion of restore abilities {unknown}
Books
 m - a book of Clouds

   Spells                             Type                      Level
   Mephitic Cloud                     Conjuration/Poison/Air       3
   Conjure Flame                      Conjuration/Fire             3
   Poisonous Cloud                    Conjuration/Poison/Air       6
   Freezing Cloud                     Conjuration/Ice/Air          6
   Ring of Flames                     Charms/Fire                  7


   Skills:
 + Level 3.3 Fighting
 * Level 5.7 Axes
 + Level 2.7 Throwing
 + Level 1.8 Armour
 + Level 3.1 Dodging


You had 4 spell levels left.
You didn't know any spells.

Dungeon Overview and Level Annotations

Branches:
Dungeon (4/15)
 Temple: D:4-7

Altars:
Nemelex Xobeh

Annotations:
D:2 Sigmund
D:3 Purgy
D:4 krech's ghost, experienced HuFi


Message History

You hit the kobold.
You kill the kobold!
You are feeling hungry.
Purgy shouts!
You see here a short sword.
Purgy clenches his teeth.
There is a stone staircase leading down here.
You climb downwards.
A rat and an orc come into view.
The orc shouts!
The ogre hits you with a giant club!!
Ouch! That really hurt!
The orc moves out of view.
Krech's ghost (experienced Human Fighter) comes into view.
There is a stone staircase leading up here.
Read which item? (? for menu, Esc to quit)
Okay, then.
Krech's ghost turns its malevolent gaze towards you.
The rat bites you but does no damage. The ogre hits you with a giant club!!
You die...

..# #.# #.# . #.#
... #.# .... #.#
.....###%# ###
.........<#......
.##.W)r@O..#
#.....###$.......
##.. ..###.... .
#.. ... ###. . ..
#. ##.# .... #...


You could see an ogre, krech's ghost and a rat.

Vanquished Creatures
  An orc priest (D:3)
  Ijyb (D:2)
  Jessica (D:3)
  2 adders (D:1)
  2 giant mites (D:3)
  4 giant geckos
  4 orcs (D:3)
  4 bats
  3 giant cockroaches (D:1)
  8 hobgoblins
  3 jackals (D:3)
  8 kobolds
  4 quokkas
  6 giant newts
  13 goblins
  4 rats
68 creatures vanquished.

Notes
Turn   | Place    | Note
--------------------------------------------------------------
     0 | D:1      | Ratboiler, the Hill Orc Gladiator, began the quest for the Orb.
     0 | D:1      | Reached XP level 1. HP: 18/18 MP: 1/1
    89 | D:1      | Reached XP level 2. HP: 25/25 MP: 2/2
   416 | D:1      | Reached XP level 3. HP: 30/30 MP: 3/3
   551 | D:1      | Found a sparkling altar of Nemelex Xobeh.
   722 | D:1      | Reached skill level 1 in Armour
  1045 | D:2      | Noticed Sigmund
  1381 | D:2      | Noticed Ijyb
  1392 | D:2      | Killed Ijyb
  1392 | D:2      | Reached XP level 4. HP: 36/38 MP: 4/4
  1437 | D:2      | Reached skill level 5 in Axes
  1841 | D:3      | Reached XP level 5. HP: 40/45 MP: 5/5
  1902 | D:3      | Noticed Jessica
  1915 | D:3      | Killed Jessica
  2114 | D:3      | Noticed Purgy
  2121 | D:4      | Noticed an ogre
  2157 | D:4      | Noticed an ogre
  2554 | D:4      | Noticed krech's ghost (experienced HuFi)
  2554 | D:4      | Slain by an ogre

Action                   |  1- 3 |  4- 6 || total
-------------------------+-------+-------++-------
Melee: War axe           |   124 |    79 ||   203
  Use: Potion            |       |     1 ||     1
       Scroll            |       |     4 ||     4
  Eat: Chunk             |     2 |     3 ||     5
